 Dungeon Crawl Stone Soup version 0.31.0-11-ge490571c62 (webtiles) character file.

Game seed: 14500832061911117274

42 qw the Shooter (level 3, 0/18 HPs)
             Began as a Spriggan Hunter on Feb 3, 2024.
             Slain by a quokka (2 damage)
             ... on level 2 of the Dungeon.
             The game lasted 00:00:03 (934 turns).

qw the Shooter (Spriggan Hunter)                     Turns: 934, Time: 00:00:04

Health: 0/18       AC:  2    Str:  7    XL:     3   Next: 35%
Magic:  4/4        EV: 19    Int: 10    God:
Gold:   52         SH:  0    Dex: 20    Spells: 2/2 levels left

rFire   . . .        a - +0 shortbow
rCold   . . .        (shield currently unavailable)
rNeg    . . .        c - +0 robe
rPois   .            (helmet restricted)
rElec   .            (no cloak)
rCorr   .            (gloves unavailable)
SInv    +            (boots unavailable)
Will    .....        (no amulet)
Stlth   ++           (no ring)
HPRegen 0.23/turn    (no ring)
MPRegen 0.09/turn

%: no passive effects
@: very quick
A: very small, no large weapons, unfitting armour, see invisible, speed 3
a: no special abilities


You were on level 2 of the Dungeon.
You visited 1 branch of the dungeon, and saw 2 of its levels.

You collected 52 gold pieces.


Innate Abilities, Weirdness & Mutations

You are very small and have problems with some larger weapons.
You are too small for most types of armour.
You have supernaturally acute eyesight. (SInv)
You cover ground extremely quickly. (Speed+++)


   Skills:
 - Level 1.5 Fighting
 + Level 4.7 Ranged Weapons
 - Level 4.0 Dodging
 - Level 1.5 Stealth


You had 2 spell levels left.
You didn't know any spells.
Your spell library was empty.

Inventory:

Hand Weapons
 a - a +0 shortbow (weapon)
Armour
 c - a +0 robe (worn)
 j - the +1 robe of Boredom {Dex+2}
   (You found it on level 2 of the Dungeon)

   Dex+2:     It affects your dexterity (+2).
Jewellery
 g - a ring of ice
 k - a ring of poison resistance
Scrolls
 b - a scroll of acquirement {unknown}
 e - 5 scrolls of identify
 f - a scroll of enchant armour
 i - a scroll of revelation {unknown}
 l - a scroll of fog {unknown}
Potions
 d - 2 potions of curing
 h - a potion of enlightenment {unknown}

Dungeon Overview and Level Annotations

Branches:
Dungeon (2/15)

Altars:


Message History

The jackal completely misses you.
The jackal bites you but does no damage.
The giant cockroach misses you. The jackal misses you. The jackal bites you.
You shoot an arrow.
The arrow hits the hobgoblin but does no damage.
The jackal barely misses you. The giant cockroach barely misses you.
The hobgoblin closely misses you. The jackal misses you.
The jackal bites you but does no damage.
The giant cockroach completely misses you.
You shoot an arrow. The arrow hits the hobgoblin!
You kill the hobgoblin!
The jackal barely misses you. x2; The giant cockroach misses you.
The jackal barely misses you.
You shoot an arrow. The arrow barely misses the quokka.
The jackal bites you. The jackal closely misses you. The quokka misses you.
The giant cockroach completely misses you.
The jackal bites you. The jackal misses you. The quokka bites you.
You shoot an arrow. The arrow barely misses the quokka.
The giant cockroach bites you. The jackal barely misses you.
The jackal closely misses you. The quokka closely misses you.
The giant cockroach barely misses you. The jackal misses you.
You shoot an arrow. The arrow closely misses the quokka.
The jackal bites you but does no damage.
The quokka barely misses you. The jackal barely misses you.
The giant cockroach misses you. The jackal completely misses you.
You shoot an arrow. The arrow closely misses the quokka.
The jackal barely misses you.
The quokka bites you but does no damage.
The giant cockroach misses you. The jackal misses you. x2
The quokka barely misses you. The giant cockroach misses you.
The jackal barely misses you.
You shoot an arrow. The arrow hits the quokka.
The quokka is almost dead.
The jackal misses you. The jackal closely misses you.
The giant cockroach closely misses you. The quokka closely misses you.
You shoot an arrow. The arrow closely misses the quokka.
The jackal completely misses you. The jackal bites you.
The giant cockroach completely misses you.
The quokka bites you.
You die...

.......#
####################
#..........#
#..........# #
#..........# ..
#..........##...
#.............?.
#.......hr......
#.......@B......
##########......#h......
.........#.....^#.......
.........#......#....%..
.........#......#.......
##...........#########..
#........)......%. .
#.................
...................


You could see a quokka, 2 jackals and a giant cockroach.

Vanquished Creatures
  An adder (D:2)
  A ribbon worm (D:2)
  2 ball pythons
  3 endoplasms (D:1)
  A giant cockroach (D:2)
  A goblin (D:1)
  4 hobgoblins (D:2)
  2 jackals (D:2)
  A quokka (D:1)
  2 bats
  4 frilled lizards (D:1)
  3 kobolds
  6 rats
31 creatures vanquished.

Notes
Turn   | Place    | Note
-------+----------+-------------------------------------------
     0 | D:1      | qw the Spriggan Hunter began the quest for the Orb.
     0 | D:1      | Reached XP level 1. HP: 10/10 MP: 2/2
     0 | D:1      | 0 ||| qw: Version: 0.3-a-158-g18b3111
     0 | D:1      | 0 ||| qw: Game counter: 4218
     0 | D:1      | 0 ||| qw: Melee chars always use a shield: true
     0 | D:1      | 0 ||| qw: God list: Okawaru
     0 | D:1      | 0 ||| qw: Allow faded altars: false
     0 | D:1      | 0 ||| qw: Do Orc after clearing Dungeon:15 true
     0 | D:1      | 0 ||| qw: Do second Lair branch before Depths: true
     0 | D:1      | 0 ||| qw: Lair rune preference: random
     0 | D:1      | 0 ||| qw: Goals: Normal
     0 | D:1      | 0 ||| PLANNING D:1-11
    40 | D:1      | Reached skill level 3 in Dodging
   338 | D:1      | Reached XP level 2. HP: 14/14 MP: 3/3
   736 | D:1      | 736 ||| READING 5 scrolls labelled SUUGEF ANEPUJYE.
   736 | D:1      | 736 ||| IDENTIFYING 2 fuming sapphire potions
   737 | D:1      | 737 ||| READING 4 scrolls of identify.
   737 | D:1      | 737 ||| IDENTIFYING scroll labelled PENAF YNTAFIOT
   738 | D:1      | 738 ||| DROPPING scroll of butterflies.
   777 | D:2      | Reached XP level 3. HP: 18/18 MP: 4/4
   816 | D:2      | Identified the +1 robe of Boredom {Dex+2}
   929 | D:2      | HP: 4/18 [jackal (3)]
   934 | D:2      | HP: 2/18 [jackal (1)]
   934 | D:2      | Slain by a quokka

Levels and vault maps discovered:
D:1:      elethiomel_arrival_maze, layout_basic, minmay_pentomino_p2
D:2:      layout_basic

Skill      XL: |  1  2 |
---------------+-------+-----
Dodging        | 3 4 |  4.0
Fighting       | |  1.5
Ranged Weapons | |  4.7
Stealth        | |  1.5

Action                     || total
---------------------------++-------
   Fire: Shortbow          ||    91
    Use: Scroll            ||     2
 Armour: Robe              ||    20
  Dodge: Dodged            ||    86

Table legend:
 A = Non-vault XP
 B = Vault XP
 C = Vault XP percentage of total XP
 D = Non-vault monster count
 E = Vault monster count
 F = Vault count percentage of total count
                 A         B        C        D         E       F
            +---------+---------+-------+---------+---------+-------
      Total |      59 |       2 |   3.3 |      29 |       2 |   6.5
            +---------+---------+-------+---------+---------+-------
        D:1 |      21 |       2 |   8.7 |      15 |       2 |  11.8
        D:2 |      38 |       0 |   0.0 |      14 |       0 |   0.0
            +---------+---------+-------+---------+---------+-------
